 Dungeon Sprint DCSS version 0.27.1-34-g3ba077fa99 (webtiles) character file.

Game seed: 17759027315414990672

1070 chmiii the Basher (level 8, -11/80 HPs)
             Began as a Troll Berserker on Jan 30, 2022.
             Was an Elder of Trog.
             Mangled by a boulder beetle (26 damage)
             ... in the Dungeon (Sprint II: "The Violet Keep of Menkaure").
             The game lasted 00:03:08 (335 turns).

chmiii the Basher (Troll Berserker)                  Turns: 335, Time: 00:03:08

Health: -11/80     AC:  4    Str: 24    XL:     8   Next: 7%
Magic:  7/7        EV: 12    Int:  5    God:    Trog [****..]
Gold:   729        SH:  0    Dex:  9    Spells: 7/7 levels left

rFire    . . .     SeeInvis .   a - +0 mace
rCold    + . .     Faith    .   (no shield)
rNeg     . . .     Spirit   .   b - +0 animal skin
rPois    .         Reflect  .   (helmet restricted)
rElec    .         Harm     .   (no cloak)
rCorr    .         Rampage  .   (gloves unavailable)
Will     ++...     NoTele   +   (boots unavailable)
Stlth    +.........             (no amulet)
HPRegen  2.23/turn              (no ring)
MPRegen  0.10/turn              (no ring)

@: strong-willed, regenerating
A: large, unfitting armour, claws 3, regeneration 1, shaggy fur 1, tough skin 1,
clever 1, clumsy 1, cold resistance 1, frail 1, weak 1
a: Renounce Religion, Berserk, Trog's Hand, Brothers in Arms


You were in the Dungeon.
You worshipped Trog.
Trog was greatly pleased with you.
You visited 1 branch You collected 729 gold pieces.

Inventory:

Hand Weapons
 a - a +0 mace (weapon)
Armour
 b - a +0 animal skin (worn)
Scrolls
 h - a scroll of blinking
Potions
 c - a potion of curing
 f - 2 potions of magic
 g - a potion of berserk rage


   Skills:
 + Level 8.4 Fighting
 * Level 11.1 Maces & Flails
 + Level 8.2 Dodging


You had 7 spell levels left.
You didn't know any spells.
Your spell library was empty.

Dungeon Overview and Level Annotations

Branches:
Dungeon (1/1)

Altars:


Innate Abilities, Weirdness & Mutations

You are too large for most types of armour.
You have claws for hands.
Your natural rate of healing is unusually fast.
You are covered in fur. (AC +1)
You have tough skin. (AC +1)
Your mind is acute. (Int +2)
You are clumsy. (Dex -2)
Your flesh is cold resistant. (rC+)
You are frail. (-10% HP)
You are weak. (Str -2)


Message History

You feel sick. The scorpion closely misses you.
You sock the scorpion!
You kill the scorpion!
Trog accepts your kill.
No target in view!
You start resting.
You feel sick. x2
You are no longer poisoned.
You now have 729 gold pieces (gained 243).
You see here a scorpion corpse.
You see here a scorpion corpse.
You see here a scorpion corpse.
There is an open door, spattered with blood here.
Things that are here:
a scorpion corpse; a scorpion corpse You start resting.
HP restored.
As you open the door, it creaks loudly! 2 boulder beetles come into view.
Found 243 gold pieces.
The boulder beetle curls into a ball and begins rolling! x2
The boulder beetle stops rolling and uncurls.
The boulder beetle misses you.
The boulder beetle stops rolling and uncurls.
You thump the boulder beetle!
The boulder beetle is lightly wounded.
You hit the boulder beetle but do no damage.
The boulder beetle is lightly wounded.
The boulder beetle bites you!!
You hit the boulder beetle but do no damage.
The boulder beetle is lightly wounded.
The boulder beetle barely misses you.
You hit the boulder beetle but do no damage.
The boulder beetle is lightly wounded.
The boulder beetle bites you!!
You fail to use your ability.
The boulder beetle bites you!!
* * * LOW HITPOINT WARNING * * *
Your skin crawls.
You feel strong-willed. The boulder beetle bites you!!
You die...

##+## ##.#.##
#..#..#
####...####
##.###÷###.#
#..###.##..#
+##††.<.'.##+
#..###@##.#.#
##.# #B###.##
### B#. ###
.. .. ##$ .##
## ##


You could see 2 boulder beetles.

Vanquished Creatures
  4 neqoxecs (D)
  4 necrophages (D)
  4 scorpions (D)
12 creatures vanquished.

Vanquished Creatures (others)
  Menkaure (D)
  A water moccasin (D)
2 creatures vanquished.

Grand Total: 14 creatures vanquished

Notes
Turn   | Place    | Note
-------+----------+-------------------------------------------
     0 | D        | chmiii the Troll Berserker began the quest for the Orb.
     0 | D        | Reached XP level 1. HP: 22/22 MP: 0/0
     1 | D        | Noticed a neqoxec
     1 | D        | Noticed a neqoxec
     1 | D        | Noticed a neqoxec
     1 | D        | Noticed a neqoxec
    10 | D        | Killed a neqoxec
    11 | D        | Reached skill level 5 in Fighting
    11 | D        | Reached skill level 5 in Maces & Flails
    11 | D        | Reached skill level 5 in Dodging
    11 | D        | Reached XP level 2. HP: 9/35 MP: 1/1
    11 | D        | Reached XP level 3. HP: 11/42 MP: 2/2
    11 | D        | Reached XP level 4. HP: 13/50 MP: 3/3
    16 | D        | Gained mutation: You are frail. (-10% HP) [a neqoxec]
    17 | D        | Gained mutation: Your mind is acute. (Int +2) [a neqoxec]
    18 | D        | Killed a neqoxec
    18 | D        | Reached ** piety under Trog
    19 | D        | Reached skill level 7 in Maces & Flails
    19 | D        | Reached XP level 5. HP: 36/53 MP: 4/4
    22 | D        | Gained mutation: Your flesh is cold resistant. (rC+) [a
                  | neqoxec]
    23 | D        | Killed a neqoxec
    23 | D        | Gained mutation: You are weak. (Str -2) [a neqoxec]
    24 | D        | Reached skill level 8 in Maces & Flails
    24 | D        | Reached XP level 6. HP: 34/61 MP: 5/5
    26 | D        | Gained mutation: You are clumsy. (Dex -2) [a neqoxec]
    32 | D        | Killed a neqoxec
    33 | D        | Reached skill level 9 in Maces & Flails
    53 | D        | Killed Menkaure
    73 | D        | Reached XP level 7. HP: 43/70 MP: 6/6
    82 | D        | Reached *** piety under Trog
    83 | D        | Reached skill level 10 in Maces & Flails
   270 | D        | Reached **** piety under Trog
   306 | D        | Reached skill level 11 in Maces & Flails
   306 | D        | Reached XP level 8. HP: 73/79 MP: 7/7
   327 | D        | Noticed a boulder beetle
   327 | D        | Noticed a boulder beetle
   335 | D        | Mangled by a boulder beetle

Illustrated notes

Levels and vault maps discovered:
D:        the_violet_keep_of_menkaure [sprint2_stairs_cluster_1,
          sprint2_shoproom, sprint2_temple, sprint2_basic_supplies,
          sprint2_obstacle_2, sprint2_obstacle_5, sprint2_obstacle_1,
          sprint2_obstacle_7, sprint2_obstacle_3, sprint2_timed_cluster_1,
          sprint2_smallroom_cluster_1, sprint2_smallroom_final_cluster_1,
          sprint2_transparent_cluster_1, sprint2_second_timed_cluster_1,
          sprint2_sniper_area_1, sprint2_heavy_combat_area_1,
          sprint2_mutation_trap_area_1, sprint2_forest_area_1,
          sprint2_light_combat_area_1, sprint2_behind_water_1,
          sprint2_near_end_vault_1]

Skill      XL: |  1  2  3  4  5  6  7 |
---------------+----------------------+-----
Fighting       | 5 6 7 8 |  8.4
Maces & Flails | 5 7 8 9 11 | 11.1
Dodging        | 5 6 7 8 |  8.2

Action                   |  1- 3 |  4- 6 |  7- 9 || total
-------------------------+-------+-------+-------++-------
Melee: Mace              |     8 |    31 |    73 ||   112
Invok: Berserk           |     1 |       |       ||     1
       Trog's Hand       |       |     1 |     1 ||     2
  Use: Potion            |       |     2 |       ||     2
Armor: Animal skin       |     1 |     7 |     8 ||    16
Dodge: Dodged            |     2 |    10 |    31 ||    43
